 Dungeon Crawl Stone Soup version 0.30.1-9-gdf580d7c3d (webtiles) character file.

Game seed: 16783571485798320917

6 Mefist the Firebug (level 1, 0/10 HPs)
             Began as a Deep Elf Fire Elementalist on Oct 12, 2023.
             Succumbed to an adder's poison
             ... on level 2 of the Dungeon.
             The game lasted 00:00:27 (218 turns).

Mefist the Firebug (Deep Elf Fire Elementalist)      Turns: 218, Time: 00:00:27

Health: 0/10       AC:  2    Str:  5    XL:     1   Next: 75%
Magic:  0/6        EV: 12    Int: 19    God:
Gold:   23         SH:  0    Dex: 15    Spells: 5/6 levels left

rFire   . . .        (no weapon)
rCold   . . .        (no shield)
rNeg    . . .        a - +0 robe
rPois   .            (no helmet)
rElec   .            (no cloak)
rCorr   .            (no gloves)
SInv    .            (no boots)
Will    .....        (no amulet)
Stlth   ++           (no ring)
HPRegen 0.21/turn    (no ring)
MPRegen 0.10/turn

%: no passive effects
@: lethally poisoned (0 -> -4)
A: no striking features
a: no special abilities


You were on level 2 of the Dungeon.
You visited 1 branch of the dungeon, and saw 2 of its levels.

You collected 23 gold pieces.

Inventory:

Armour
 a - a +0 robe (worn)
Scrolls
 c - a scroll of identify {unknown}
Potions
 b - a potion of magic


   Skills:
 + Level 2.5 Dodging
 + Level 2.5 Stealth
 * Level 3.1 Spellcasting
 + Level 1.2 Conjurations
 + Level 0.3 Hexes
 + Level 0.2 Translocations
 * Level 3.4 Fire Magic


You had 5 spell levels left.
You knew the following spells:

 Your Spells              Type           Power      Damage    Failure   Level
a - Foxfire               Conj/Fire      44%        2x1d6     6%          1

Your spell library contained the following spells:

 Spells                   Type           Power      Damage    Failure   Level
 Scorch                   Fire           30%        2d6       5%          2
 Inner Flame              Hex/Fire       10%        N/A       21%         3
 Volatile Blastmotes      Fire/Tloc      18%        2d11      22%         3
 Flame Wave               Conj/Fire      11%        2d6       50%         4


Dungeon Overview and Level Annotations

Branches:
Dungeon (1/15)

Altars:


Message History

You conjure some foxfire!
You conjure some foxfire!
The foxfire hits the adder.
The adder is lightly wounded.
You conjure some foxfire!
An endoplasm comes into view.
Your foxfire dissipates!
You conjure some foxfire!
The foxfire hits the adder.
The adder is moderately wounded.
An endoplasm is nearby!
An endoplasm is nearby!
You conjure some foxfire!
Your foxfire dissipates!
The foxfire hits the endoplasm.
You kill the endoplasm!
The foxfire hits the adder but does no damage.
The adder is moderately wounded.
The foxfire hits the adder.
The adder is severely wounded.
The foxfire hits the adder but does no damage.
The adder is severely wounded.
An adder is nearby!
You are out of magic!
The adder bites you.
You barely miss the adder.
The adder is severely wounded.
The adder barely misses you.
You hit the adder but do no damage.
The adder is severely wounded.
The adder bites you.
You are lethally poisoned!
The adder poisons you! The adder bites you.
* * * LOW HITPOINT WARNING * * *
You are too injured to fight recklessly!
Casting: Foxfire (safe; 6% risk of failure)
Confirm with . or Enter, or press ? or * to list all spells.
You conjure some foxfire!
* * * LOW HITPOINT WARNING * * *
You feel sick. The adder misses you.
Unknown command.
You die...

+.... ## #... ≈
#. .... ≈≈
#.##..######
≈≈≈#......~....
≈≈≈~~~~~~~~.≈~~
≈≈≈~~~~~~≈~.~~~
~≈≈~≈~~~v~~~~~≈
.~~~~~~@v~~~~~~
~.~.~..S.../.~#
+#+####..##.###
.... # ..)..
.......
.......#
........#


You could see an adder (ally target).

Vanquished Creatures
  An endoplasm (D:2)
  A goblin (D:2)
  A ball python (D:1)
  4 frilled lizards (D:1)
7 creatures vanquished.

Vanquished Creatures (others)
  25 foxfires
25 creatures vanquished.

Grand Total: 32 creatures vanquished

Notes
Turn   | Place    | Note
-------+----------+-------------------------------------------
     0 | D:1      | Mefist the Deep Elf Fire Elementalist began the quest for
                  | the Orb.
     0 | D:1      | Reached XP level 1. HP: 10/10 MP: 6/6
   203 | D:1      | You fall into a shaft and drop 1 floor!
   218 | D:2      | Succumbed to an adder's poison

Illustrated notes

Levels and vault maps discovered:
D:1:      lemuel_arrival_river_ford, layout_loops_ring, minmay_crystal_water
D:2:      layout_basic, basic_altar, chequers_serial_rivers_large_a,
          grunt_decor_cap, kennysheep_generic_room_8, uniq_jessica

Action                     || total
---------------------------++-------
  Melee: Unarmed           ||     2
   Cast: Foxfire           ||    16
  Dodge: Dodged            ||     4
